 Dungeon Crawl Stone Soup version 0.30-a0-1016-gfb0d676c02 (webtiles) character file.

Game seed: 8412439164460222399

1194 ThatPearl the Insei (level 8, -3/67 HPs)
             Began as a Purple Draconian Transmuter on Apr 7, 2023.
             Was a Follower of Dithmenos.
             Slain by Maggie
             ... wielding a +1 broad axe of pain
              (7 damage)
             ... on level 7 of the Dungeon.
             The game lasted 00:15:29 (6090 turns).

ThatPearl the Insei (Purple Draconian Transmuter)   Turns: 6090, Time: 00:15:30

Health: -3/67      AC:  7    Str: 12    XL:     8   Next: 20%
Magic:  15/15      EV: 22    Int: 15    God:    Dithmenos [*.....]
Gold:   21         SH:  5    Dex: 13    Spells: 12/17 levels left

rFire   . . .      SeeInvis .      - Unarmed
rCold   . . .      Faith    .    (no shield)
rNeg    . . .      Spirit   .    (body armour unavailable)
rPois   .          Reflect  +    (helmet currently unavailable)
rElec   .          Rampage  .    g - +0 cloak
rCorr   .                        (no gloves)
Will    +....                    (boots currently unavailable)
Stlth   +                        n - amulet of reflection
HPRegen 0.31/turn                b - +5 ring of evasion
MPRegen 0.14/turn                y - +5 ring of evasion

@: appendages (expiring), wreathed by umbra
A: horns 2, talons 2, breathe power, AC +6, unfitting armour, cold-blooded
a: Breathe Dispelling Energy, End Transformation, Renounce Religion


You were on level 7 of the Dungeon.
You worshipped Dithmenos.
Dithmenos was aware of your devotion.
You had temporarily grown beastly horns and talons.
You visited 1 branch of the dungeon, and saw 7 of its levels.

You collected 285 gold pieces.
You spent 264 gold pieces at shops.

Inventory:

Missiles
 e - 10 poisoned darts
 m - a throwing net
 t - 76 stones
 E - 6 javelins
Armour
 g - a +0 cloak (worn)
Magical Staves
 r - a staff of death
Jewellery
 b - a +5 ring of evasion (left hand)
 f - a ring of see invisible
 n - an amulet of reflection (around neck)
 o - an amulet of faith
 y - a +5 ring of evasion (right hand)
 C - a ring of fire
 I - a +6 ring of intelligence
Wands
 B - a wand of digging (9)
Scrolls
 c - a scroll of immolation {unknown}
 d - 2 scrolls of enchant armour {unknown}
 i - 4 scrolls of fog {unknown}
 l - 4 scrolls of magic mapping {unknown}
 q - a scroll of enchant weapon {unknown}
 s - 2 scrolls of silence
 x - a scroll of brand weapon {unknown}
 D - 2 scrolls of teleportation
 H - 2 scrolls of blinking
Potions
 a - a potion of flight
 h - 3 potions of curing
 j - 2 potions of resistance
 p - 3 potions of attraction
 u - 2 potions of mutation
 v - 3 potions of might
 w - a potion of heal wounds
 z - a potion of brilliance
 A - a potion of cancellation
 F - a potion of invisibility
 G - a potion of ambrosia {unknown}


   Skills:
 + Level 4.7 Fighting
 - Level 2.3 Dodging
 + Level 5.3 Unarmed Combat
 + Level 5.3 Spellcasting
 + Level 4.7 Transmutations
 + Level 3.7 Air Magic


You had 12 spell levels left.
You knew the following spells:

 Your Spells              Type           Power      Damage    Failure   Level
a - Beastly Appendage     Tmut           36%        N/A       2%          1
v - Poisonous Vapours     Pois/Air       18%        N/A       11%         2
w - Wereblood             Tmut           18%        N/A       3%          2

Your spell library contained the following spells:

 Spells                   Type           Power      Damage    Failure   Level
 Sting                    Tmut/Pois      44%        1d5       6%          1
 Spider Form              Tmut/Pois      11%        N/A       19%         3
 Ice Form                 Ice/Tmut       11%        N/A       52%         4
 Olgreb's Toxic Radiance  Pois           3%         N/A       85%         4


Dungeon Overview and Level Annotations

Branches:
Dungeon (7/15)
 Temple: D:4-7

Altars:
Dithmenos
Fedhas
Kikubaaqudgha
Makhleb
Nemelex Xobeh
Ru
Sif Muna
Zin

Shops:
D:6 ?

Annotations:
D:5 1 runed translucent door, NinjaNoafa's ghost, novice GnEE
D:7 Maggie


Innate Abilities, Weirdness & Mutations

You have temporarily grown beastly horns and talons.
You can breathe bolts of dispelling energy.
Your rich purple scales are hard. (AC +6)
You cannot fit into any form of body armour.
You are cold-blooded and may be slowed by cold attacks.


Message History

Something closely misses you.
You hit something. Your headbutt misses something.
Your tail-slap misses something.
You hear some strange, mumbled words.
You closely miss something. You claw something. You headbutt something.
Something barely misses you.
You hit something but do no damage.
You hear some strange, mumbled words.
You hit something but do no damage. Your kick misses something.
Your headbutt misses something. You hit something.
Something closely misses you.
You barely miss something. You claw something. You headbutt something.
You block something's attack.
You hit something but do no damage. Your kick misses something.
You headbutt something. You tail-slap something. You block something's attack.
You hit something. You claw something. Something closely misses you.
You miss something. You claw something. Your headbutt misses something.
You tail-slap something. Something hits you!
* * * LOW HITPOINT WARNING * * *
You writhe in agony.
* * * LOW HITPOINT WARNING * * *
You hit something but do no damage. Your kick misses something.
Your tail-slap misses something.
Something closely misses you.
You hit something but do no damage. Your kick misses something.
Something hits you!
* * * LOW HITPOINT WARNING * * *
You miss something. You headbutt something. Something barely misses you.
You closely miss something. Your headbutt misses something.
Your punch misses something.
Your transformation is almost over.
You hear some strange, mumbled words.
A bolt of fire appears from out of thin air!
The bolt of fire misses you.
You closely miss something. Your headbutt misses something.
Your tail-slap misses something.
You hit something but do no damage. Your kick misses something.
Something hits you but does no damage.
You barely miss something. You claw something. Your headbutt misses something.
Something hits you!
You die...

##### .... ..#
+#######{.#
#...#..@#
#...#...#
#.......# .#
###._.### .#
#.......#####.#
#...#.).#.##..#
#...#..)#.##..#
+#######'.##..#
.###....##..#


There were no monsters in sight!

Vanquished Creatures
  Menkaure (D:4)
  A black bear (D:4)
  A sky beast (D:6)
  An ogre (D:6)
  A kobold brigand (D:7)
  A scorpion (D:6)
  3 wights (D:6)
  A howler monkey (D:3)
  2 gnoll boudas (D:5)
  4 hounds
  A jelly (D:5)
  2 orc wizards
  7 gnolls
  6 adders
  A white imp (D:6)
  2 ufetubi
  A worm (D:2)
  2 dart slugs (D:4)
  An orc (D:6)
  3 bats
  6 endoplasms
  7 giant cockroaches
  4 hobgoblins
  3 jackals (D:1)
  3 quokkas
  6 ball pythons
  A frilled lizard (D:2)
  22 goblins
  10 kobolds
  4 rats
108 creatures vanquished.

Vanquished Creatures (others)
  An orc wizard (D:3)
  19 plants
20 creatures vanquished.

Grand Total: 128 creatures vanquished

Notes
Turn   | Place    | Note
-------+----------+-------------------------------------------
     0 | D:1      | ThatPearl the Draconian Transmuter began the quest for the
                  | Orb.
     0 | D:1      | Reached XP level 1. HP: 16/16 MP: 3/3
   179 | D:1      | Reached XP level 2. HP: 23/23 MP: 3/5
   251 | D:1      | Learned a level 2 spell: Wereblood
  1314 | D:1      | Reached XP level 3. HP: 29/29 MP: 4/6
  1831 | D:3      | Reached XP level 4. HP: 36/36 MP: 5/7
  1872 | D:3      | Learned a level 2 spell: Poisonous Vapours
  1961 | D:3      | Identified the +0 scale mail "Otta Bod" {rElec rC+}
  2002 | D:3      | Found a burning altar of Makhleb.
  2337 | D:3      | Found a shimmering blue altar of Sif Muna.
  2598 | D:3      | Reached skill level 1 in Air Magic
  2598 | D:3      | Reached XP level 5. HP: 40/42 MP: 1/9
  2812 | D:4      | Found a blossoming altar of Fedhas.
  2953 | D:4      | Found a sparkling altar of Nemelex Xobeh.
  3231 | D:4      | Found a shadowy altar of Dithmenos.
  3234 | D:4      | Became a worshipper of Dithmenos the Shadowed
  3348 | D:4      | Noticed a black bear
  3357 | D:4      | Killed a black bear
  3358 | D:4      | Reached XP level 6. HP: 47/51 MP: 1/10
  3434 | D:4      | Found Wuwky's Firing Range.
  3437 | D:4      | Noticed Menkaure
  3495 | D:4      | Killed Menkaure
  3771 | D:5      | Entered Level 5 of the Dungeon
  3860 | D:5      | Found a runed translucent door.
  3866 | D:5      | Noticed NinjaNoafa's ghost (novice GnEE)
  3967 | D:5      | Found a glowing silver altar of Zin.
  4078 | D:5      | Your scales start taking on a rich purple colour.
  4078 | D:5      | Reached XP level 7. HP: 41/57 MP: 10/13
  5134 | D:6      | Reached skill level 5 in Unarmed Combat
  5145 | D:6      | Reached skill level 5 in Spellcasting
  5413 | D:6      | Reached XP level 8. HP: 66/66 MP: 13/15
  5573 | D:6      | Found Muuqui's Magic Scroll Shoppe.
  5576 | D:6      | Bought a scroll of identify for 24 gold pieces
  5576 | D:6      | Bought a scroll of teleportation for 36 gold pieces
  5576 | D:6      | Bought a scroll of blinking for 90 gold pieces
  5576 | D:6      | Bought a scroll of silence for 114 gold pieces
  5684 | D:6      | Found an ancient bone altar of Kikubaaqudgha.
  5764 | D:6      | Reached * piety under Dithmenos
  6037 | D:7      | Found a sacrificial altar of Ru.
  6063 | D:7      | Noticed Maggie
  6085 | D:7      | HP: 3/67 [something (11)]
  6090 | D:7      | Slain by Maggie

Illustrated notes

Levels and vault maps discovered:
D:1:      spicycebolla_arrival_ecumenical, layout_basic, minmay_misc_feat_rugged
D:2:      layout_loops_ring
D:3:      layout_rooms, led_sif_book, bloody_makhleb
D:4:      layout_loops_ring, kennysheep_mini_moat, lemuel_round_altar,
          mainiacjoe_overflow_tiny_flanked, nicolae_shop_firing_range,
          uniq_menkaure
D:5:      layout_gridville, mainiacjoe_overflow_concentric_impassable,
          ebering_ghost_sewer_d, nicolae_grassy_gnolls
D:6:      corexii_shack_village, layout_loops_corners,
          mainiacjoe_overflow_paths, serial_shops, nicolae_shop_behind_doors,
          minmay_ogre_servants
D:7:      layout_loops_ring, nicolae_elyvilon_temple_path,
          mainiacjoe_overflow_catch_the_wave,
          nicolae_ru_great_annihilating_truth, temple_statues, uniq_duvessa,
          uniq_maggie

Skill      XL: |  1  2  3  4  5  6  7 |
---------------+----------------------+-----
Dodging        | 2 |  2.3
Fighting       | 2 3 4 |  4.7
Air Magic      | 1 2 3 |  3.7
Transmutations | 3 4 |  4.7
Spellcasting   | 3 4 5 |  5.3
Unarmed Combat | 4 5 |  5.3

Action                     |  1- 3 |  4- 6 |  7- 9 || total
---------------------------+-------+-------+-------++-------
  Melee: Unarmed           |    68 |   106 |   165 ||   339
         Headbutt          |    14 |    19 |    24 ||    57
         Kick              |    14 |    24 |    42 ||    80
         Tailslap          |     5 |    12 |    25 ||    42
         Punch             |     2 |     3 |     6 ||    11
  Throw: Stone             |       |     4 |       ||     4
   Cast: Beastly Appendage |    20 |    26 |    16 ||    62
         Poisonous Vapours |       |    11 |       ||    11
         Wereblood         |       |     1 |       ||     1
Ability: Breathe Dispellin |       |       |     2 ||     2
    Use: Scroll            |     4 |       |     7 ||    11
         Potion            |       |     1 |     1 ||     2
   Stab: Sleeping          |     1 |     1 |     1 ||     3
         Paralysed         |       |       |     3 ||     3
 Armour: Skin              |    15 |     9 |    20 ||    44
  Dodge: Dodged            |    52 |    78 |   121 ||   251
  Block: Other             |    12 |    29 |    26 ||    67

Table legend: (Time is in decaauts)
 A = Elapsed time spent in this place.
 B = Non-inter-level travel time spent in this place.
 C = Inter-level travel time spent in this place.
 D = Time resting spent in this place.
 E = Time spent auto-exploring this place.
 F = Levels seen in this place.
 G = Mean time per level.
                   A        B        C        D        E       F      G
               +--------+--------+--------+--------+--------+-----+--------+
         Total |   6085 |   5836 |    249 |    431 |   4285 |   7 |  869.3 |
       Dungeon |   6085 |   5836 |    249 |    431 |   4285 |   7 |  869.3 |
               +--------+--------+--------+--------+--------+-----+--------+

Top non-repeatable levels by time:
     D:6: 1280 daAuts
     D:1: 1056 daAuts
     D:3: 978 daAuts
     D:4: 978 daAuts
     D:5: 931 daAuts
     D:2: 765 daAuts
     D:7: 94 daAuts
